 Dungeon Crawl Stone Soup version 0.28-a0-1344-g6b9ff3a05d (webtiles) character file.

Game seed: 17679644180591733255

1519 Deminshera the Poker (level 8, -2/65 HPs)
             Began as a Demonspawn Monk on Dec 29, 2021.
             Was a Believer of Makhleb.
             Slain by a two-headed ogre (7 damage)
             ... on level 7 of the Dungeon.
             The game lasted 00:08:21 (8589 turns).

Deminshera the Poker (Demonspawn Monk)              Turns: 8589, Time: 00:08:23

Health: -2/65      AC:  8    Str: 17 (20) XL:     8   Next: 54%
Magic:  0/12       EV: 11    Int: 15 (18) God:    Makhleb [**....]
Gold:   141        SH:  0    Dex: 14 (15) Spells: 7/7 levels left

rFire   . . .      SeeInvis .   d - +0 trident
rCold   . . .      Faith    .   (no shield)
rNeg    . . .      Spirit   +   a - +0 ring mail
rPois   .          Reflect  .   u - +0 helmet
rElec   .          Harm     .   p - +0 cloak
rCorr   .          Rampage  .   v - +0 pair of gloves
Will    .....                   (no boots)
Stlth   +.........              r - amulet of guardian spirit
HPRegen 0.20/turn               i - +6 ring of strength
MPRegen 0.13/turn               f - +6 ring of intelligence

@: mighty, attractive
A: foul stench 3, demonic touch 1
a: Renounce Religion, Minor Destruction


You were on level 7 of the Dungeon.
You worshipped Makhleb.
Makhleb was pleased with you.
You visited 1 branch of the dungeon, and saw 7 of its levels.

You collected 312 gold pieces.
You spent 171 gold pieces at shops.

Inventory:

Hand Weapons
 d - a +0 trident (weapon)
Armour
 a - a +0 ring mail (worn)
 b - a scarf of harm
 p - a +0 cloak (worn)
 u - a +0 helmet (worn)
 v - a +0 pair of gloves (worn)
Jewellery
 f - a +6 ring of intelligence (right hand)
 i - a +6 ring of strength (left hand)
 r - an amulet of guardian spirit (around neck)
 C - a ring of flight
 D - an amulet of the acrobat
Wands
 j - a wand of polymorph (3)
 q - a wand of charming (12)
 w - a wand of iceblast (12)
Scrolls
 c - 8 scrolls of identify {unknown}
 e - a scroll of acquirement {unknown}
 h - a scroll of silence {unknown}
 k - 2 scrolls of teleportation {unknown}
 l - 3 scrolls of holy word {unknown}
 t - 4 scrolls of enchant armour {unknown}
 y - a scroll of noise {unknown}
 A - 3 scrolls of magic mapping {unknown}
Potions
 g - 2 potions of attraction
 m - a potion of mutation {unknown}
 n - a potion of resistance {unknown}
 o - a potion of might
 s - a potion of degeneration
 x - 2 potions of heal wounds {unknown}
 z - 3 potions of invisibility {unknown}
 B - a potion of curing {unknown}


   Skills:
 + Level 6.3 Fighting
 * Level 7.9 Polearms
 - Level 2.6 Dodging
 - Level 1.7 Stealth
 + Level 5.4 Invocations


You had 7 spell levels left.
You didn't know any spells.
Your spell library contained the following spells:

 Spells                   Type           Power      Damage    Failure   Level
 Slow                     Hex            0%         N/A       45%         1
 Confusing Touch          Hex            0%         N/A       83%         3
 Gell's Gravitas          Tloc           0%         N/A       83%         3
 Inner Flame              Hex/Fire       0%         N/A       83%         3
 Lesser Beckoning         Tloc           0%         N/A       83%         3
 Teleport Other           Tloc           0%         N/A       83%         3
 Vampiric Draining        Necr           0%         2d6       83%         3
 Cause Fear               Hex            0%         N/A       99%         4
 Discord                  Hex            0%         N/A       100%        8
 Chain Lightning          Conj/Air       0%         N/A       100%        9
 Fire Storm               Conj/Fire      0%         5d1       100%        9
 Shatter                  Erth           0%         3d5*      100%        9


Dungeon Overview and Level Annotations

Branches:
Dungeon (7/15)             Temple (0/1) D:4

Altars:
Cheibriados
Makhleb
Nemelex Xobeh
Xom
Yredelemnul
The Shining One

Shops:
D:1 (   D:2 [

Annotations:
D:7 Harold, Maggie


Innate Abilities, Weirdness & Mutations

You frequently emit foul miasma when damaged in melee.
Your touch may inflict minor irresistible damage on your foes.


Message History

The puff of flame hits the two-headed ogre.
The two-headed ogre is lightly wounded.
The two-headed ogre closely misses you.
The two-headed ogre hits you with a +0 giant club.
You emit a cloud of foul miasma!
Aiming: Minor Destruction (1% risk of failure)
Press: ? - help, Shift-Dir - straight line, f - Maggie, p - centaur
Aim: Maggie, wielding a +0 scimitar and wearing +0 swamp dragon scales The stone arrow hits the two-headed ogre!
The two-headed ogre is heavily wounded.
The two-headed ogre is engulfed in dark miasma.
The two-headed ogre is poisoned.
The two-headed ogre hits you with a +0 giant spiked club!!
The two-headed ogre closely misses you.
It was a potion of attraction.
You feel attractive to monsters.
The two-headed ogre is engulfed in dark miasma.
The two-headed ogre looks even sicker.
The two-headed ogre hits you but does no damage.
The two-headed ogre barely misses you.
It was a potion of degeneration.
There was something very wrong with that liquid.
You feel weakened.
You feel dopey.
You feel clumsy.
Maggie says, "Fear not.
I will immortalize you in the tale of my first kill."
The two-headed ogre is engulfed in dark miasma.
The two-headed ogre looks even sicker.
The two-headed ogre hits you but does no damage.
The two-headed ogre hits you with a +0 giant club!!
It was a potion of might.
You feel very mighty all of a sudden.
Maggie gestures wildly while chanting.
Maggie attempts to bespell you! You resist with some effort.
You barely miss the two-headed ogre.
The two-headed ogre is severely wounded.
The two-headed ogre is engulfed in dark miasma.
The two-headed ogre looks as sick as possible!
The two-headed ogre hits you with a +0 giant spiked club!!
* * * LOW HITPOINT WARNING * * *
The two-headed ogre hits you with a +0 giant club!
You die...

..... #......##. #.h.#
#......### ... #....#.#
#.###c# #....#.# #....@#
####...# #####.# ##..#
#.# ##..###
#.###############
#..>...
#...h@c@O@......#
#.#.###
############.##.####.#.#
#.#.......#.#
#.#..####.#.#
#.###.....#.#
#.##.<###.#.# #.....#
#.#.# ####..# #.#
#..###.#


You could see Harold, Maggie, a two-headed ogre (extremely poisoned), a black
bear and a centaur.

Vanquished Creatures
  Sigmund (D:3)
  3 water moccasins
  An ice beast (D:7)
  A necrophage (D:5)
  2 ogres
  3 scorpions (D:6)
  An electric eel (D:6)
  A howler monkey (D:6)
  A jelly (D:6)
  An orc priest (D:7)
  A hound (D:7)
  A gnoll shaman (D:4)
  A bullfrog skeleton (D:5)
  Crazy Yiuf (D:3)
  Ijyb (D:3)
  2 iguanas
  Terence (D:3)
  A hound skeleton (D:5)
  5 adders
  4 gnolls (D:4)
  A shadow imp (D:5)
  A white imp (D:6)
  2 ufetubi (D:5)
  3 worms
  4 dart slugs
  4 orcs (D:7)
  6 ball pythons
  3 bats
  4 endoplasms
  5 giant cockroaches
  6 goblins
  5 hobgoblins
  2 jackals (D:3)
  2 quokkas (D:1)
  7 kobolds
  2 rats
90 creatures vanquished.

Notes
Turn   | Place    | Note
-------+----------+-------------------------------------------
     0 | D:1      | Deminshera the Demonspawn Monk began the quest for the Orb.
     0 | D:1      | Reached XP level 1. HP: 18/18 MP: 1/1
    48 | D:1      | Found Ciqetzab's Antique Weapon Boutique.
   179 | D:1      | Reached skill level 3 in Polearms
   527 | D:1      | Gained mutation: You may rarely emit foul miasma when
                  | damaged in melee. [demonic ancestry]
   527 | D:1      | Reached XP level 2. HP: 22/24 MP: 2/2
   880 | D:2      | Found Wiklycs's Antique Armour Emporium.
   913 | D:2      | Reached XP level 3. HP: 17/29 MP: 3/3
  2193 | D:2      | Found a snail-covered altar of Cheibriados.
  2920 | D:3      | Noticed Terence
  2934 | D:3      | Killed Terence
  2935 | D:3      | Reached skill level 4 in Polearms
  2935 | D:3      | Gained mutation: You sometimes emit foul miasma when
                  | damaged in melee. [demonic ancestry]
  2935 | D:3      | Reached XP level 4. HP: 22/37 MP: 4/4
  3347 | D:3      | Noticed Ijyb
  3385 | D:3      | Killed Ijyb
  3484 | D:3      | Found a runed translucent door.
  3485 | D:3      | Noticed Crazy Yiuf
  3550 | D:3      | Found a shimmering altar of Xom.
  3554 | D:3      | Noticed Sigmund
  3563 | D:3      | Killed Sigmund
  3564 | D:3      | Reached skill level 5 in Polearms
  3564 | D:3      | Gained mutation: You frequently emit foul miasma when
                  | damaged in melee. [demonic ancestry]
  3564 | D:3      | Reached XP level 5. HP: 27/43 MP: 5/5
  3657 | D:3      | Gained mutation: Your touch may inflict minor irresistible
                  | damage on your foes. [demonic ancestry]
  3657 | D:3      | Reached XP level 6. HP: 44/49 MP: 6/6
  3801 | D:3      | You fall into a shaft and drop 2 floors!
  3801 | D:5      | Entered Level 5 of the Dungeon
  3834 | D:4      | Found a basalt altar of Yredelemnul.
  3834 | D:4      | Found a burning altar of Makhleb.
  3838 | D:4      | Found a sparkling altar of Nemelex Xobeh.
  3852 | D:4      | Became a worshipper of Makhleb the Destroyer
  3852 | D:4      | Reached * piety under Makhleb
  3852 | D:4      | Reached ** piety under Makhleb
  4003 | D:3      | Found a faded altar of an unknown god.
  4182 | D:3      | Killed Crazy Yiuf
  4483 | D:4      | Found a staircase to the Ecumenical Temple.
  4520 | D:4      | Reached skill level 1 in Invocations
  5582 | D:2      | Bought a pair of encrusted boots for 171 gold pieces
  5582 | D:2      | Identified the -3 pair of boots of the Everdark {Drain +Inv
                  | Slay-6 SInv} (You bought it in a shop on level 2 of the
                  | Dungeon)
  5723 | D:5      | Noticed a water moccasin
  5731 | D:5      | Killed a water moccasin
  5819 | D:5      | Reached skill level 5 in Fighting
  5819 | D:5      | Reached skill level 6 in Polearms
  5819 | D:5      | Reached XP level 7. HP: 51/56 MP: 7/9
  6350 | D:6      | Reached skill level 7 in Polearms
  6350 | D:6      | Reached XP level 8. HP: 23/64 MP: 4/11
  8068 | D:7      | Reached skill level 5 in Invocations
  8567 | D:7      | Noticed a two-headed ogre
  8569 | D:7      | Noticed Harold
  8572 | D:7      | Noticed Maggie
  8589 | D:7      | Slain by a two-headed ogre

Illustrated notes

Levels and vault maps discovered:
D:1:      ncdulo_halloftheorcs, layout_loops_ring, serial_shops, shop_fountains
D:2:      layout_basic, serial_shops, nicolae_square_shop, basic_altar
D:3:      layout_loops_cross, brannock_xom_greatest_gift,
          dreamdust_ecumenical_altar_angels_and_demons, uniq_crazy_yiuf_cottage,
          uniq_terence, uniq_sigmund, uniq_ijyb
D:4:      layout_cave_pods, minitemple, minmay_temple_entry_slanted,
          kennysheep_generic_room_9
D:5:      layout_rooms, minmay_door_square
D:6:      layout_loops_corners, amcnicky_mini_pool_medium
D:7:      layout_basic, minmay_fractal_squares_diagonal_5, uniq_harold,
          uniq_maggie

Skill      XL: |  1  2  3  4  5  6  7  8 |
---------------+-------------------------+-----
Polearms       | 3 4 5 6 7 |  7.9
Fighting       | 4 5 6 |  6.3
Invocations    | 2 4 5 |  5.4
Dodging        | |  2.6
Stealth        | |  1.7

Action                   |  1- 3 |  4- 6 |  7- 9 || total
-------------------------+-------+-------+-------++-------
Melee: Trident           |   143 |    78 |   117 ||   338
       Spear             |     8 |       |       ||     8
       Touch             |       |     6 |    14 ||    20
Invok: Minor Destruction |       |     8 |     5 ||    13
  Use: Potion            |       |       |     3 ||     3
 Stab: Sleeping          |     4 |     2 |       ||     6
       Distracted        |     1 |       |       ||     1
Armor: Ring mail         |    44 |    19 |    22 ||    85
Dodge: Dodged            |    74 |    45 |    34 ||   153

Table legend: (Time is in decaauts)
 A = Elapsed time spent in this place.
 B = Non-inter-level travel time spent in this place.
 C = Inter-level travel time spent in this place.
 D = Time resting spent in this place.
 E = Time spent auto-exploring this place.
 F = Levels seen in this place.
 G = Mean time per level.
                   A        B        C        D        E       F      G
               +--------+--------+--------+--------+--------+-----+--------+
         Total |   8604 |   8183 |    421 |   2887 |   4354 |   7 | 1229.1 |
       Dungeon |   8604 |   8183 |    421 |   2887 |   4354 |   7 | 1229.1 |
               +--------+--------+--------+--------+--------+-----+--------+

Top non-repeatable levels by time:
     D:2: 1930 daAuts
     D:3: 1493 daAuts
     D:6: 1416 daAuts
     D:4: 1312 daAuts
     D:1: 987 daAuts
     D:5: 897 daAuts
     D:7: 567 daAuts
